 Dungeon Crawl Stone Soup version 0.23-a0-169-gb21e695 (console) character file.

39 swinepaste the Slasher (level 3, 0/29 HPs)
             Began as a Demonspawn Abyssal Knight on Sept 11, 2018.
             Was a Follower of Lugonu.
             Killed by divine providence
             ... invoked by a smoke demon
              (15 damage)
             ... on level 1 of the Abyss.
             The game lasted 00:01:13 (502 turns).

swinepaste the Slasher (Demonspawn Abyssal Knight)   Turns: 502, Time: 00:01:14

Health: 0/29       AC:  5    Str: 12    XL:     3   Next: 26%
Magic:  4/4        EV: 11    Int: 13    God:    Lugonu [*.....]
Gold:   9          SH:  0    Dex: 13    Spells: 2/2 levels left

rFire    . . .     SeeInvis .   a - +2 falchion
rCold    . . .     Gourm    .   (no shield)
rNeg     . . .     Faith    .   b - +0 leather armour
rPois    .         Spirit   .   (no helmet)
rElec    .         Reflect  .   (no cloak)
rCorr    .         Harm     .   (no gloves)
MR       .....                  (no boots)
Stlth    +.........             (no amulet)
HPRegen  0.09/turn              d - ring of wizardry
MPRegen  0.09/turn              (no ring)

@: no status effects
A: yellow scales 1, powered by death 1
a: Depart the Abyss, Renounce Religion


You were on level 1 of the Abyss.
You worshipped Lugonu.
Lugonu was aware of your devotion.
You were not hungry.

You visited 0 branches of the dungeon, and saw 0 of its levels.
You visited the Abyss 1 time.

You collected 9 gold pieces.

Inventory:

Hand Weapons
 a - a +2 falchion (weapon)
Armour
 b - a +0 leather armour (worn)
Jewellery
 d - a ring of wizardry (left hand)
Scrolls
 e - 2 scrolls of enchant weapon
Comestibles
 c - a ration


   Skills:
 - Level 3.0 Fighting
 + Level 3.4 Long Blades
 - Level 1.7 Armour
 - Level 0.8 Dodging
 - Level 2.4 Invocations


You had 2 spell levels left.
You didn't know any spells.
Your spell library was empty.

Dungeon Overview and Level Annotations

Branches:
Dungeon (0/15)

Altars:


Innate Abilities, Weirdness & Mutations

You are partially covered in yellow scales. (AC +2)
You regenerate a little health from kills.


Message History

You kill the ufetubus!
You start resting.
You are suddenly pulled into a different region of the Abyss!
You start resting.
HP restored.
A chaos spawn comes into view.
Okay, then.
Found a leather armour.
You aren't carrying any potions.
You see here a leather armour.
Found a ration.
A tentacled starspawn comes into view.
A smoke demon comes into view.
The smoke demon roars!
The smoke demon gestures at you. Something smites you!
The smoke demon gestures at you. Something smites you!
Ouch! That really hurt!
You die...

#...#....###..#.
##. #..#.#... .#
.
...#.....###....
#
#.#.#..........#
###...#..##.# ##
##..#.##...# ..
. #..#.#..#..#
#...#.#....#..#
# #...6#...##..
#.##.#.##...## #
..##. #..# .#..
## .#.# .#..# #
# #3 ... # ...
..#.


You could see a smoke demon.

Vanquished Creatures
  A crimson imp (Abyss:1)
  An ufetubus (Abyss:1)
2 creatures vanquished.

Notes
Turn   | Place    | Note
-------+----------+-------------------------------------------
     0 | Abyss:1  | swinepaste the Demonspawn Abyssal Knight began the quest
                  | for the Orb.
     0 | Abyss:1  | Reached XP level 1. HP: 18/18 MP: 2/2
   218 | Abyss:1  | Noticed a small abomination
   263 | Abyss:1  | Noticed a crimson imp
   272 | Abyss:1  | Killed a crimson imp
   272 | Abyss:1  | Gained mutation: You regenerate a little health from kills.
                  | [demonic ancestry]
   272 | Abyss:1  | Reached XP level 2. HP: 22/24 MP: 3/3
   272 | Abyss:1  | Gained mutation: You are partially covered in yellow
                  | scales. (AC +2) [demonic ancestry]
   272 | Abyss:1  | Reached XP level 3. HP: 26/29 MP: 4/4
   304 | Abyss:1  | Noticed a chaos spawn
   455 | Abyss:1  | Noticed a chaos spawn
   487 | Abyss:1  | Noticed a tentacled starspawn
   501 | Abyss:1  | Noticed a smoke demon
   502 | Abyss:1  | Killed from afar by a smoke demon

Vault maps used:

Skill      XL: |  1 |
---------------+----+-----
Long Blades    | 3 |  3.4
Fighting       | |  3.0
Armour         | |  1.7
Dodging        | |  0.8
Invocations    | |  2.4

Action                   || total
-------------------------++-------
Melee: Falchion          ||    11
  Use: Scroll            ||     2
Armor: Leather armour    ||     4
Dodge: Dodged            ||     9
       Rpst.: Falchion   ||     3

Table legend:
 A = Non-vault XP
 B = Vault XP
 C = Vault XP percentage of total XP
 D = Non-vault monster count
 E = Vault monster count
 F = Vault count percentage of total count
                 A         B        C        D         E       F
            +---------+---------+-------+---------+---------+-------
      Total |      56 |       0 |   0.0 |       2 |       0 |   0.0
            +---------+---------+-------+---------+---------+-------
    Abyss:1 |      56 |       0 |   0.0 |       2 |       0 |   0.0
            +---------+---------+-------+---------+---------+-------
